 Dungeon Crawl Stone Soup version 0.28.0-53-g5a82cb258f (webtiles) character file.

Game seed: 13571348059798559858

747 breadkiller the Summoner (level 7, 0/27 HPs)
             Began as a Felid Summoner on June 4, 2022.
             Was an Initiate of Gozag.
             Killed by nerve-wracking pain
             ... invoked by a shadow imp
              (6 damage)
             ... on level 6 of the Dungeon on June 6, 2022.
             The game lasted 00:53:46 (7456 turns).

breadkiller the Summoner (Felid Summoner)           Turns: 7456, Time: 00:53:47

Health: 0/27       AC:  2    Str:  4    XL:     7   Next: 48%
Magic:  27/27      EV: 17    Int: 18    God:    Gozag
Gold:   318        SH:  0    Dex: 17    Spells: 1/20 levels left
                                        Lives:  0   Deaths: 2

rFire   . . .      SeeInvis +   (weapon unavailable)
rCold   . . .      Faith    .   (shield unavailable)
rNeg    + . .      Spirit   .   (armour unavailable)
rPois   .          Reflect  .   (helmet unavailable)
rElec   .          Harm     .   (cloak unavailable)
rCorr   .          Rampage  .   (gloves unavailable)
Will    +....                   (boots unavailable)
Stlth   ++........              e - amulet of magic regeneration
HPRegen 0.09/turn               k - ring of positive energy
MPRegen 0.60/turn               p - ring of magical power

@: quick
A: very small, claws 1, fangs 3, see invisible, speed 1, shaggy fur 2, stealthy
paws, no weapons or thrown items, no armour, multi-lived
a: Renounce Religion, Potion Petition, Call Merchant, Bribe Branch


You were on level 6 of the Dungeon.
You worshipped Gozag.
Gozag was aware of your devotion.
You visited 1 branch of the dungeon, and saw 6 of its levels.

You collected 440 gold pieces.
You spent 80 gold pieces at shops.
You paid 42 gold pieces to Gozag.

Inventory:

Jewellery
 e - an amulet of magic regeneration (around neck)
 f - a +4 ring of slaying
 k - a ring of positive energy (left paw)
 p - a ring of magical power (right paw)
Wands
 n - a wand of flame (13)
 o - a wand of acid (7)
 s - a wand of charming (4)
Scrolls
 a - 5 scrolls of identify
 c - 4 scrolls of teleportation
 d - a scroll of enchant weapon {unknown}
 g - a scroll of brand weapon {unknown}
 i - a scroll of immolation {unknown}
 l - a scroll of noise {unknown}
 m - a scroll of vulnerability {unknown}
 q - a scroll of blinking {unknown}
 r - a scroll of acquirement {unknown}
Potions
 b - 2 potions of degeneration
 h - 3 potions of lignification
 j - 2 potions of curing
 t - a potion of attraction {unknown}
 u - a potion of haste {unknown}
 v - a potion of heal wounds {unknown}


   Skills:
 - Level 2.6 Dodging
 - Level 2.6 Stealth
 * Level 7.0 Spellcasting
 * Level 4.3 Hexes
 * Level 8.3 Summonings
 * Level 2.3 Air Magic


You had one spell level left.
You knew the following spells:

 Your Spells              Type           Power      Damage    Failure   Level
a - Summon Small Mammal   Summ           100%       N/A       1%          1
b - Call Imp              Summ           36%        N/A       1%          2
c - Call Canine Familiar  Summ           36%        N/A       1%          3
d - Summon Guardian Gole  Hex/Summ       29%        N/A       2%          3
e - Summon Lightning Spi  Summ/Air       25%        N/A       12%         4
f - Summon Cactus Giant   Summ           18%        N/A       50%         6

Your spell library contained the following spells:

 Spells                   Type           Power      Damage    Failure   Level
 Confusing Touch          Hex            21%        N/A       5%          3
 Corpse Rot               Necr/Air       20%        N/A       10%         2
 Poisonous Vapours        Pois/Air       20%        N/A       10%         2
 Scorch                   Fire           12%        2d5       16%         2
 Sublimation of Blood     Necr           6%         N/A       16%         2
 Wereblood                Tmut           6%         N/A       16%         2
 Flame Wave               Conj/Fire      6%         2d5       71%         4
 Yara's Violent Unravell  Hex/Tmut       7%         3d5       77%         5
 Summon Hydra             Summ           18%        N/A       97%         7
 Enfeeble                 Hex            10%        N/A       100%        7


Dungeon Overview and Level Annotations

Branches:
Dungeon (6/15)
 Temple: D:4-7

Altars:
Cheibriados
Gozag
Makhleb

Shops:
D:4 *?*

Annotations:
D:6 Duvessa


Innate Abilities, Weirdness & Mutations

You have sharp claws.
You have razor-sharp teeth.
You have supernaturally acute eyesight. (SInv)
You cover ground quickly. (Speed+)
You are covered in thick fur. (AC +2)
Your paws help you pounce on unaware monsters.
You are incapable of wielding weapons or throwing items.
You cannot wear armour.
You gain extra lives every three experience levels.


Message History

Gang up on whom?
Press: ? - help, Dir - move target, f/p - Duvessa
Aim: Duvessa, wielding a +0 short sword, wearing a +0 ring mail and quivering stones (almost dead, berserk, ally target) Attack!
Duvessa hits your hound with a +0 short sword.
Your hound bites Duvessa but does no damage.
Casting: Summon Small Mammal (safe; 1% risk of failure)
Confirm with . or Enter, or press ? or * to list all spells.
A beastly little devil appears in a puff of flame.
Your bat hits Duvessa but does no damage.
Duvessa hits your hound with a +0 short sword!
Your hound dies!
Your hound's corpse disappears in a puff of smoke!
Duvessa rages.
Your bat barely misses Duvessa.
Your bat hits Duvessa but does no damage.
Your bat barely misses Duvessa.
Your crimson imp hits Duvessa but does no damage.
You swap places.
Something barely misses your bat.
Your crimson imp closely misses Duvessa.
Your bat barely misses Duvessa.
Duvessa barely misses your bat.
There are no items here.
Your bat barely misses Duvessa.
Your crimson imp hits Duvessa but does no damage.
Your bat hits Duvessa but does no damage.
Duvessa rages.
Your bat hits Duvessa but does no damage.
Your bat closely misses Duvessa.
Duvessa hits your bat with a +0 short sword!
Your bat dies!
Your bat's corpse disappears in a puff of smoke!
Duvessa rages.
You hear a shout!
A shadow imp comes into view.
Duvessa hits you with a +0 short sword!
* * * LOW HITPOINT WARNING * * *
The shadow imp gestures at you. Pain shoots through your body!
You die...
Your body crumbles into a pile of gold.

#.........##...####e.
#.........##...# #.$
#.........##..$# #..
#.........##...####..
#....5....##.........
####.####.##...#####.
#.# #.###'## ... #e#
.# #.# #### #@# ..
... #5# ##.. #.. ....
#### #... ....#


You could see Duvessa (berserk, ally target), a shadow imp and a friendly
crimson imp (summoned).

Vanquished Creatures
  A dart slug (D:5)
  An orc (D:4)
  A giant cockroach (D:2)
  A ball python (D:1)
  3 bats (D:1)
7 creatures vanquished.

Vanquished Creatures (collateral kills)
  Prince Ribbit (D:6)
  Menkaure (D:5)
  2 hornet zombies
  2 phantoms (D:6)
  Blork the orc (D:4)
  A bullfrog (D:6)
  Dowan (D:6)
  3 bullfrog zombies
  3 jellies (D:6)
  A hound (D:6)
  2 orc priests
  4 iguanas
  Jessica (D:2)
  Ijyb (D:5)
  4 orc wizards
  6 adders
  A white imp (D:6)
  A worm (D:3)
  2 dart slugs
  6 orcs
  12 endoplasms
  A giant cockroach (D:2)
  4 goblins
  4 hobgoblins
  8 jackals
  14 kobolds
  A quokka (D:3)
  8 ball pythons
  3 bats
  2 frilled lizards
  3 rats
104 creatures vanquished.

Vanquished Creatures (others)
  A water moccasin (D:5)
  A kobold brigand (D:6)
  Crazy Yiuf (D:5)
3 creatures vanquished.

Grand Total: 114 creatures vanquished

Notes
Turn   | Place    | Note
-------+----------+-------------------------------------------
     0 | D:1      | breadkiller the Felid Summoner began the quest for the Orb.
     0 | D:1      | Reached XP level 1. HP: 7/7 MP: 4/4
   362 | D:1      | Reached XP level 2. HP: 11/11 MP: 3/6
   365 | D:1      | Learned a level 2 spell: Call Imp
   392 | D:1      | Found a faded altar of an unknown god.
  1608 | D:2      | Reached XP level 3. HP: 11/14 MP: 0/7
  1612 | D:2      | Learned a level 3 spell: Call Canine Familiar
  2170 | D:2      | Noticed Jessica
  2183 | D:2      | Killed Jessica
  2184 | D:2      | Reached skill level 5 in Summonings
  2184 | D:2      | Reached XP level 4. HP: 18/18 MP: 4/9
  2188 | D:2      | Learned a level 3 spell: Summon Guardian Golem
  3600 | D:3      | Found a snail-covered altar of Cheibriados.
  3705 | D:3      | Reached XP level 5. HP: 21/21 MP: 9/11
  3790 | D:4      | Noticed Blork the orc
  3799 | D:4      | Killed Blork the orc
  3800 | D:4      | Reached skill level 1 in Hexes
  4030 | D:4      | Reached skill level 6 in Summonings
  4030 | D:4      | Gained mutation: You are covered in thick fur. (AC +2)
                  | [Felid growth]
  4030 | D:4      | Reached XP level 6. HP: 24/24 MP: 9/13
  4035 | D:4      | Learned a level 4 spell: Summon Lightning Spire
  4492 | D:4      | Found Marit's Neck Hole.
  4542 | D:4      | Found Gozag's Platinum Reserve.
  4548 | D:4      | Found an opulent altar of Gozag.
  4572 | D:4      | Became a worshipper of Gozag Ym Sagoz the Greedy
  4635 | D:4      | Found Xorph's Magic Scroll Boutique.
  4647 | D:4      | Bought a scroll of identify for 20 gold pieces
  4647 | D:4      | Bought a scroll of teleportation for 30 gold pieces
  4647 | D:4      | Bought a scroll of teleportation for 30 gold pieces
  4832 | D:5      | Entered Level 5 of the Dungeon
  4867 | D:5      | Noticed Ijyb
  4876 | D:5      | Killed from afar by Ijyb
  4877 | D:5      | Reached XP level 5. HP: -1/21 MP: 10/13
  4888 | D:5      | Killed Ijyb
  4889 | D:5      | Reached XP level 6. HP: 24/24 MP: 11/14
  4906 | D:5      | Noticed a water moccasin
  4928 | D:5      | Killed a water moccasin
  4929 | D:5      | Reached skill level 5 in Spellcasting
  5031 | D:5      | Found a burning altar of Makhleb.
  5039 | D:5      | Reached skill level 1 in Air Magic
  5388 | D:5      | Identified the +9 trident of Agony {vorpal, *Corrode rF++
                  | Will+++ Int-2}
  5499 | D:5      | Reached XP level 7. HP: 27/27 MP: 16/16
  5569 | D:5      | Found a runed translucent door.
  5570 | D:5      | Noticed Crazy Yiuf
  5654 | D:5      | Killed Crazy Yiuf
  6174 | D:5      | Noticed Menkaure
  6192 | D:5      | Killed Menkaure
  6193 | D:5      | Reached skill level 7 in Summonings
  6473 | D:6      | Noticed Duvessa
  6473 | D:6      | Noticed Dowan
  7020 | D:6      | Noticed Prince Ribbit
  7034 | D:6      | Killed Prince Ribbit
  7035 | D:6      | Reached XP level 8. HP: 31/31 MP: 18/18
  7042 | D:6      | Learned a level 6 spell: Summon Cactus Giant
  7174 | D:6      | Reached skill level 8 in Summonings
  7320 | D:6      | Killed Dowan
  7409 | D:6      | Slain by Duvessa
  7410 | D:6      | Reached XP level 7. HP: 0/27 MP: 27/27
  7456 | D:6      | Killed from afar by a shadow imp

Illustrated notes

Levels and vault maps discovered:
D:1:      heliophobic_arrival_ceremonial_halls, layout_basic,
          serial_co_window_serial, co_window_paths_a,
          co_window_of_opportunity_a, co_window_cross_1, co_window_paths_a,
          co_window_corner_a, co_window_paths_a, co_window_corner_ca,
          co_window_broadway_b, co_window_broadway_b, co_window_unsneaky_path_d,
          co_window_corner_ca, co_window_paths_e, glass_columns_c,
          glass_columns_a, glass_columns_b, ebering_ecumenical_altar_abandoned
D:2:      layout_basic, uniq_jessica
D:3:      layout_basic, cheibrodos_worm_habitat, solitary_fountain
D:4:      nicolae_cairo_tiling_very_big, layout_gridville,
          nicolae_gozag_zags_fifth_avenue, serial_shops,
          nicolae_shop_hallway_plus, nicolae_shop_sticking_my_neck_out,
          uniq_blork_the_orc
D:5:      layout_loops_cross, lightli_temple_of_fire, uniq_menkaure,
          uniq_crazy_yiuf_cottage, uniq_ijyb
D:6:      layout_basic, grunt_decor_fettered, uniq_prince_ribbit1, uniq_duvessa

Skill      XL: |  1  2  3  4  5  6  7  8 |
---------------+-------------------------+-----
Spellcasting   | 3 4 5 6 7 |  7.0
Summonings     | 5 6 7 8 |  8.3
Hexes          | 1 2 4 |  4.3
Air Magic      | 1 2 |  2.3
Dodging        | |  2.6
Stealth        | |  2.6

Action                   |  1- 3 |  4- 6 |  7- 9 || total
-------------------------+-------+-------+-------++-------
Melee: Unarmed           |    12 |     7 |    13 ||    32
       Bite              |     1 |       |     2 ||     3
 Cast: Summon Small Mamm |    67 |    62 |    16 ||   145
       Call Imp          |    17 |    29 |    17 ||    63
       Call Canine Famil |       |    13 |    17 ||    30
       Summon Guardian G |       |     2 |     5 ||     7
       Summon Lightning  |       |       |     2 ||     2
Evoke: Wand              |       |       |     1 ||     1
  Use: Potion            |     2 |       |       ||     2
       Scroll            |       |     2 |       ||     2
Armor: Skin              |     2 |       |     4 ||     6
Dodge: Dodged            |    27 |    11 |    21 ||    59
